 Dungeon Sprint DCSS version 0.31-a0-986-g5e6e4ef867 (webtiles) character file.

Game seed: 10761273624402037892

216 rocky1 the Insei (level 5, -6/49 HPs)
             Began as an Octopode Shapeshifter on Nov 17, 2023.
             Was an Initiate of Gozag.
             Mangled by an orc warrior
             ... wielding a +1 war axe of electrocution
              (12 damage)
             ... in the Dungeon (Sprint IX: "|||||||||||||||||||||||||||||").
             The game lasted 00:00:38 (254 turns).

rocky1 the Insei (Octopode Shapeshifter)             Turns: 254, Time: 00:00:39

Health: -6/49      AC: 22    Str: 16    XL:     5   Next: 93%
Magic:  5/5        EV:  2    Int: 13    God:    Gozag
Gold:   0          SH:  0    Dex: 16    Spells: 4/4 levels left

rFire   . .          .
                       - Unarmed
rCold   . . .        (no shield)
rNeg    . . .        (helmet currently unavailable)
rPois   +            (no amulet)
rElec   .            m - +3 ring of strength
rCorr   .            n - +3 ring of dexterity
SInv    .            (no ring)
Will    .....        (no ring)
Stlth   ++           (no ring)
HPRegen 0.28/turn    (no ring)
MPRegen 0.09/turn    (no ring)
                     (no ring)

%: no teleportation
@: lethally poisoned (-6 -> -7), tree-form, gold aura
A: stationary, stasis, torment immunity, boosted hp, almost no armour,
(amphibious), 8 rings, (camouflage 1), (gelatinous body 1), (nimble swimmer 1),
(tentacles)
a: Renounce Religion, Potion Petition, Call Merchant, Bribe Branch


You were in the Dungeon.
You worshipped Gozag.
Gozag was noncommittal.
You were a tree.
You visited 1 branch

Inventory:

Jewellery
 m - a +3 ring of strength (left branch)
 n - a +3 ring of dexterity (right branch)
Talismans
 b - a beast talisman
 c - a flux talisman
Wands
 l - a wand of roots (10)
Scrolls
 i - 2 scrolls of blinking
 k - 2 scrolls of amnesia
Potions
 d - 5 potions of curing
 e - 3 potions of heal wounds
 f - a potion of haste
 g - 4 potions of magic
 h - a potion of berserk rage
 j - a potion of invisibility


   Skills:
 + Level 1.4 Fighting
 + Level 4.6 Dodging
 + Level 2.2 Stealth
 + Level 7.8 Unarmed Combat
 + Level 7.8 Shapeshifting


You had 4 spell levels left.
You didn't know any spells.
Your spell library was empty.

Dungeon Overview and Level Annotations

Branches:
Dungeon (1/1)

Altars:
Cheibriados
Dithmenos
Elyvilon
Fedhas
Gozag
Hepliaklqana
Kikubaaqudgha
Makhleb
Nemelex Xobeh
Okawaru
Qazlal
Ru
Sif Muna
Trog
Uskayaw
Vehumet
Wu Jian
Xom
Yredelemnul
Zin
The Shining One
Jiyva
Lugonu


Innate Abilities, Weirdness & Mutations

You are a tree.
Your roots penetrate the ground, keeping you stationary.
You cannot be teleported.
You are immune to unholy pain and torment.
Your maximum health is greatly increased.
You cannot wear most types of armour.
((You are amphibious.))
You can wear up to eight rings at the same time.
((Your skin changes colour to match your surroundings (Stealth+).))
((Your rubbery body absorbs attacks. (AC +1, EV +1)))
((You are camouflaged when in or above water. (Stealth+)))
((You have tentacles for arms and can constrict up to eight enemies at once.))


Message History

The two-headed ogre is wielding a +0 giant club and a +0 dire flail of draining.
The orc warrior is wielding a +1 war axe of electrocution.
Unknown command.
The acid dragon roars!
The killer bee buzzes angrily.
The howler monkey howls!
The two-headed ogre shouts in stereo!
The orc warrior shouts!
The howler monkey hoots and howls with incredible vigour!
The killer bee stings you.
You are poisoned.
The killer bee poisons you! The killer bee completely misses you.
You hear a shout! x2; The centaur shouts!
There is an open door to the Dungeon, spattered with blood here.
You bludgeon the killer bee! You grab the killer bee.
Your squeeze misses the killer bee.
The killer bee is heavily wounded.
You constrict the killer bee.
You feel sick. The killer bee closely misses you.
You bludgeon the killer bee! You tentacle-slap the killer bee.
You kill the killer bee!
You feel sick.
The orc warrior is distracted by your dazzling golden aura.
You feel sick.
The howler monkey hoots and howls with incredible vigour!
The orc warrior shouts!
You hear an angry hiss.
You see here 72 gold pieces.
Unknown command.
Your transformation has ended.
You turn into a tree.
Your roots penetrate the ground.
You feel sick.
Unknown command.
You hit the orc warrior.
The orc warrior is no longer distracted by gold.
The orc warrior is lightly wounded.
You feel sick.
The orc warrior hits you with a +1 war axe of electrocution.
You are electrocuted!
You hit the orc warrior.
The orc warrior is moderately wounded.
You feel sick.
The orc warrior hits you with a +1 war axe of electrocution!
* * * LOW HITPOINT WARNING * * *
You are electrocuted!
You die...
Your body crumbles into a pile of gold. ▓▓▓▓▓▓▓▓▓▓▓▓▓▓▓▓▓▓▓▓▓▓▓ +hDcOo♣'..[[[.)..'_____ ▓▓▓▓▓▓▓▓▓▓▓▓▓▓▓▓▓▓▓▓▓▓▓

You could see a two-headed ogre, an orc warrior, an acid dragon, a centaur and a howler monkey (catching breath).

Vanquished Creatures
  A phantom (D)
  A killer bee (D)
  2 hounds (D)
  An iguana (D)
  2 dart slugs (D)
  An orc (D)
  A hobgoblin (D)
  A kobold (D)
  A quokka (D)
11 creatures vanquished.

Notes
Turn   | Place    | Note
-------+----------+-------------------------------------------
     0 | D        | rocky1 the Octopode Shapeshifter began the quest for the
                  | Orb.
     0 | D        | Reached XP level 1. HP: 13/13 MP: 1/1
    14 | D        | Reached XP level 2. HP: 12/18 MP: 2/2
    42 | D        | Noticed a phantom
    46 | D        | Reached XP level 3. HP: 20/23 MP: 3/3
    50 | D        | Killed a phantom
    51 | D        | Reached skill level 1 in Stealth
    51 | D        | Reached XP level 4. HP: 21/28 MP: 4/4
    54 | D        | Reached XP level 5. HP: 21/33 MP: 5/5
   202 | D        | Found a snail-covered altar of Cheibriados.
   202 | D        | Found a shadowy altar of Dithmenos.
   202 | D        | Found a white marble altar of Elyvilon.
   202 | D        | Found a blossoming altar of Fedhas.
   202 | D        | Found an opulent altar of Gozag.
   203 | D        | Found a hazy altar of Hepliaklqana.
   204 | D        | Found a viscous altar of Jiyva.
   205 | D        | Found an ancient bone altar of Kikubaaqudgha.
   206 | D        | Found a corrupted altar of Lugonu.
   207 | D        | Found a burning altar of Makhleb.
   208 | D        | Found a sparkling altar of Nemelex Xobeh.
   209 | D        | Found an iron altar of Okawaru.
   210 | D        | Became a worshipper of Gozag Ym Sagoz the Greedy
   211 | D        | Found a stormy altar of Qazlal.
   212 | D        | Found a sacrificial altar of Ru.
   213 | D        | Found a shimmering blue altar of Sif Muna.
   214 | D        | Found a bloodstained altar of Trog.
   215 | D        | Found a hide-covered altar of Uskayaw.
   216 | D        | Found a radiant altar of Vehumet.
   217 | D        | Found an ornate altar of the Wu Jian Council.
   218 | D        | Found a shimmering altar of Xom.
   219 | D        | Found a basalt altar of Yredelemnul.
   220 | D        | Found a glowing silver altar of Zin.
   221 | D        | Found a glowing golden altar of the Shining One.
   247 | D        | Noticed an acid dragon
   247 | D        | Noticed a two-headed ogre
   247 | D        | Noticed a centaur
   247 | D        | Noticed an orc warrior
   254 | D        | Mangled by an orc warrior

Illustrated notes

Levels and vault maps discovered:
D:        linesprint [early_d, line_temple, items_1, d_10, items_2, lair_1,
          lair_end, items_3, orc_1, orc_end, items_4, d_15, swamp_1, shoals_1,
          snake_1, spider_1, d_20, vaults_1, items_5, swamp_end, shoals_end,
          snake_end, spider_end, vaults_end, d_27, items_6, zot_1, zot_end,
          crypt_end, forest_end, elf_end, slime_end, tomb_end, abyss_end,
          pan_hell_end]

Skill      XL: |  1  2  3  4  5 |
---------------+----------------+-----
Unarmed Combat | 4 6 7 |  7.8
Dodging        | 3 4 |  4.6
Shapeshifting  | 4 6 7 |  7.8
Stealth        | 1 2 |  2.2
Fighting       | |  1.4

Action                     |  1- 3 |  4- 6 || total
---------------------------+-------+-------++-------
  Melee: Unarmed           |    17 |    10 ||    27
         Constrict         |     5 |     3 ||     8
         Tentacles         |     6 |     2 ||     8
         Punch             |       |     1 ||     1
    Use: Potion            |       |     1 ||     1
 Armour: Skin              |     4 |     4 ||     8
  Dodge: Dodged            |     6 |     6 ||    12

Table legend: (Time is in decaauts)
 A = Elapsed time spent in this place.
 B = Non-inter-level travel time spent in this place.
 C = Inter-level travel time spent in this place.
 D = Time resting spent in this place.
 E = Time spent auto-exploring this place.
 F = Levels seen in this place.
 G = Mean time per level.
                   A        B        C        D        E       F      G
               +--------+--------+--------+--------+--------+-----+--------+
         Total |    250 |    250 |      0 |    162 |      0 |   1 |  250.0 |
       Dungeon |    250 |    250 |      0 |    162 |      0 |   1 |  250.0 |
               +--------+--------+--------+--------+--------+-----+--------+

Top non-repeatable levels by time:
       D: 250 daAuts
